 Dungeon Crawl Stone Soup version 0.18.1-8-gdd0e5ea (webtiles) character file.

1087 khekkus the Destroyer (level 8, -2/57 HPs)
             Began as a Yellow Draconian Conjurer on June 6, 2016.
             Slain by an orc warrior
             ... wielding a +0 trident
              (22 damage)
             ... on level 5 of the Dungeon.
             The game lasted 00:34:01 (7109 turns).

khekkus the Destroyer (Yellow Draconian Conjurer)   Turns: 7109, Time: 00:34:02

Health: -2/57      AC:  7    Str: 14    XL:     8   Next: 9%
Magic:  5/12       EV:  7    Int: 18    God:
Gold:   279        SH:  0    Dex: 12    Spells: 4 memorised, 2 levels left

rFire  . . .     SeeInvis .     k - +0 short sword (curse)
rCold  . . .     Gourm    .     (armour unavailable)
rNeg   . . .     Faith    .     (no shield)
rPois  .         Spirit   .     (helmet restricted)
rElec  .         Dismiss  .     o - +0 cloak
rCorr  +         Reflect  .     (no gloves)
SustAt .         Harm     .     (no boots)
MR     .....                    (no amulet)
Stlth  +++.......               p - ring of stealth
                                d - +4 ring of strength

@: not resistant to hostile enchantments, fairly stealthy
A: spit acid, acid resistance, unfitting armour, cold-blooded, AC +6
a: Spit Acid


You were on level 5 of the Dungeon.
You were not hungry.

You visited 2 branches of the dungeon, and saw 7 of its levels.

You collected 279 gold pieces.

Inventory:

Hand Weapons
 k - a cursed +0 short sword (weapon)
Armour
 o - a +0 cloak (worn)
Jewellery
 d - a +4 ring of strength (left hand)
 p - a ring of stealth (right hand)
Scrolls
 e - 2 scrolls of magic mapping
Potions
 a - a potion of cure mutation
 h - 3 potions of curing
 j - 2 potions of haste
 l - a potion of heal wounds
 n - 3 potions of agility
 r - a potion of flight {unknown}
Books
 c - a book of Alchemy

   Spells                             Type                      Level
   a - Sublimation of Blood           Necromancy                   2
   b - Ignite Poison                  Fire/Transmutation/Poison    3
   c - Petrify                        Transmutation/Earth          4
   d - Alistair's Intoxication        Transmutation/Poison         5
   e - Irradiate                      Conjuration/Transmutation    5
 f - a book of Conjurations

   Spells                             Type                      Level
   a - Magic Dart                     Conjuration                  1
   b - Searing Ray                    Conjuration                  2
   c - Dazzling Spray                 Conjuration/Hexes            3
   d - Fulminant Prism                Conjuration/Hexes            4
   e - Iskenderun's Mystic Blast      Conjuration                  4
   f - Iskenderun's Battlesphere      Conjuration/Charms           5
 q - a Necronomicon

   Spells                             Type                      Level
   a - Haunt                          Necromancy/Summoning         7
   b - Borgnjor's Revivification      Necromancy                   8
   c - Death's Door                   Charms/Necromancy            8
   d - Necromutation                  Transmutation/Necromancy     8
Comestibles
 b - 3 bread rations
 g - 2 slices of pizza
 i - 4 fruits
 m - 2 chunks of flesh


   Skills:
 - Level 1.7 Dodging
 - Level 1.7 Stealth
 - Level 3.0 Spellcasting
 + Level 8.6 Conjurations
 - Level 3.0 Hexes
 + Level 3.0 Charms


You had 2 spell levels left.
You knew the following spells:

 Your Spells              Type           Power        Failure   Level  Hunger
a - Magic Dart            Conj           ####         1%          1    None
b - Searing Ray           Conj           ####..       1%          2    ##.....
c - Dazzling Spray        Conj/Hex       ###.....     4%          3    ###....
d - Iskenderun's Battles  Conj/Chrm      ###.....     41%         5    ######.


Dungeon Overview and Level Annotations

Branches:
Dungeon (6/15)             Temple (1/1) D:5

Altars:
Ashenzari
Cheibriados
Dithmenos
Elyvilon
Fedhas
Gozag
Makhleb
Nemelex Xobeh
Okawaru
Pakellas
Qazlal
Trog
Xom
Yredelemnul
Zin
The Shining One

Shops:
D:4 :

Annotations:
D:4 Crazy Yiuf, Edmund, Sigmund
D:6 Zleub's ghost, novice MiFi


Innate Abilities, Weirdness & Mutations

You can spit globs of acid.
You are resistant to acid.
Your golden yellow scales are hard (AC +6).
Your body does not fit into most forms of armour.
You are cold-blooded and may be slowed by cold attacks.


Message History

Press: ? - help, Shift-Dir - straight line, f/p - orc warrior
Aim: an orc warrior, wielding a trident and wearing a plate armour (moderately wounded)
The spray of energy hits the orc warrior.
The orc warrior is moderately wounded.
The orc warrior hits you from afar with a trident!
Casting: Dazzling Spray
Confirm with . or Enter, or press ? or * to list all spells.
You don't have enough magic to cast that spell.
Unknown command.
The orc warrior closely misses you.
Items here: )) [ †† a dagger of venom; a hand axe; a leather armour; an orc corpse x2
You hit the orc warrior but do no damage.
The orc warrior is moderately wounded.
The orc warrior hits you with a trident!
The orc warrior hits you from afar with a trident!
* * * LOW HITPOINT WARNING * * *
There is a stone staircase leading down here.
The orc warrior hits you from afar with a trident!!
You die...

#............#..........)...
########..##..#####..##..##..##..
..##.###..#####PPP##.###'##..##..
..#....#..#..#P...P#)....#...##..
..#....#..#..#P.>..'.....#.......
(.##..##..##.#P...P#.##..##..##..
..##..##..##.##PPP######'######..
..##..######..#####......#...####
..#....#......o.@......).'...##..
..#....#..##.....##..###.##..##..
..#(...#..#########..###.######..
..##..##..##.<...............##..
'###..##..##.................##+#
...#..'..........................
...#..#..........................
..#...########...####+##....###..
#####.########...###..##....###..


You could see an orc warrior.

Vanquished Creatures
  The ghost of deorigin the Changer, an amateur DrTm of Okawaru (D:4)
  A black bear (D:6)
  A giant frog (D:5)
  2 scorpions
  3 hounds
  2 orc priests
  3 orc wizards
  Jessica (D:2)
  A worker ant (D:4)
  2 iguanas
  Natasha (thrice) (D:2)
  8 adders
  A shadow imp (D:5)
  2 worms (D:3)
  3 dart slugs
  2 giant geckos
  30 orcs
  5 bats (D:1)
  5 giant cockroaches (D:3)
  11 goblins
  4 hobgoblins
  10 jackals
  12 kobolds
  3 quokkas
  2 ball pythons
  6 giant newts
  10 rats
134 creatures vanquished.

Notes
Turn   | Place    | Note
--------------------------------------------------------------
     0 | D:1      | khekkus the Draconian Conjurer began the quest for the Orb.
     0 | D:1      | Reached XP level 1. HP: 14/14 MP: 3/3
   307 | D:1      | Reached XP level 2. HP: 20/20 MP: 0/5
   363 | D:1      | Learned a level 2 spell: Searing Ray
   684 | D:1      | Reached skill level 5 in Conjurations
   684 | D:1      | Reached XP level 3. HP: 26/26 MP: 0/6
   760 | D:1      | Learned a level 3 spell: Dazzling Spray
  1142 | D:2      | Noticed Natasha
  1160 | D:2      | Killed Natasha
  1262 | D:2      | Reached XP level 4. HP: 33/33 MP: 1/7
  1281 | D:2      | Found a shimmering altar of Xom.
  1344 | D:2      | Noticed Natasha
  1411 | D:2      | Killed Natasha
  1411 | D:2      | Reached skill level 1 in Hexes
  1420 | D:2      | Noticed Natasha
  1480 | D:2      | Killed Natasha
  1671 | D:2      | Reached skill level 6 in Conjurations
  1676 | D:2      | Reached XP level 5. HP: 38/38 MP: 0/8
  1710 | D:2      | Found a shadowy altar of Dithmenos.
  1822 | D:2      | You fall through a shaft for 2 floors!
  1822 | D:4      | Noticed Sigmund
  1842 | D:4      | Found Ecoxkolann's Book Shop.
  1870 | D:4      | Noticed Crazy Yiuf
  1926 | D:3      | Found a basalt altar of Yredelemnul.
  2672 | D:2      | Noticed Jessica
  2678 | D:2      | Killed Jessica
  3045 | D:3      | Reached XP level 6. HP: 42/45 MP: 4/9
  3612 | D:3      | Found a shattered altar of Ashenzari.
  3640 | D:3      | Reached skill level 7 in Conjurations
  4044 | D:4      | Noticed Edmund
  4180 | D:4      | Noticed deorigin's ghost (amateur DrTm)
  4357 | D:4      | Killed deorigin's ghost
  4357 | D:4      | Your scales start taking on a golden yellow colour.
  4357 | D:4      | Reached XP level 7. HP: 26/50 MP: 2/11
  4638 | D:5      | Entered Level 5 of the Dungeon
  4701 | D:5      | Learned a level 5 spell: Iskenderun's Battlesphere
  5006 | D:5      | Found a staircase to the Ecumenical Temple.
  5014 | Temple   | Entered the Ecumenical Temple
  5292 | D:5      | Reached skill level 8 in Conjurations
  5292 | D:5      | Reached skill level 1 in Charms
  6192 | D:6      | Reached XP level 8. HP: 32/57 MP: 7/12
  6347 | D:6      | Noticed Zleub's ghost (novice MiFi)
  7109 | D:5      | Slain by an orc warrior

Skill      XL: |  1  2  3  4  5  6  7  8 |
---------------+-------------------------+-----
Conjurations   | 5 6 7 8 |  8.6
Hexes          | 1 2 3 |  3.0
Spellcasting   | 3 |  3.0
Charms         | 2 3 |  3.0
Dodging        | |  1.7
Stealth        | |  1.7

Action                   |  1- 3 |  4- 6 |  7- 9 || total
-------------------------+-------+-------+-------++-------
Melee: Club              |    11 |       |       ||    11
       Tailslap          |     3 |    15 |     3 ||    21
       Short sword       |     1 |   154 |    30 ||   185
 Cast: Magic Dart        |    53 |   103 |    68 ||   224
       Searing Ray       |     2 |    14 |    10 ||    26
       Dazzling Spray    |       |     1 |     5 ||     6
 Abil: Spit Acid         |       |       |     2 ||     2
  Use: Scroll            |     1 |     7 |     2 ||    10
       Potion            |       |     2 |     1 ||     3
  Eat: Chunk             |     2 |    12 |     9 ||    23
       Beef jerky        |       |       |     1 ||     1
Armor: Skin              |     8 |    51 |    23 ||    82
Dodge: Dodged            |    22 |   161 |    57 ||   240
